 Seeded DCSS version 0.30.1-11-g7821555f0a (webtiles) character file.

Game seed: 5 (custom seed)

8 Kazon the Ducker (level 2, -1/22 HPs)
             Began as a Demonspawn Gladiator on Jan 8, 2024.
             Slain by a jackal (2 damage)
             ... on level 1 of the Dungeon.
             The game lasted 00:00:38 (93 turns).

Kazon the Ducker (Demonspawn Gladiator)               Turns: 93, Time: 00:00:40

Health: -1/22      AC:  0    Str: 14    XL:     2   Next: 0%
Magic:  2/2        EV: 13    Int:  9    God:
Gold:   15         SH:  0    Dex: 14    Spells: 1/1 levels left

rFire   . . .        (no weapon)
rCold   . . .        (no shield)
rNeg    . . .        (no body armour)
rPois   .            (helmet restricted)
rElec   .            (no cloak)
rCorr   .            (no gloves)
SInv    .            (no boots)
Will    .....        (no amulet)
Stlth   +            (no ring)
HPRegen 0.23/turn    (no ring)
MPRegen 0.08/turn

%: no passive effects
@: no status effects
A: antennae 1
a: no special abilities


You were on level 1 of the Dungeon.
You visited 1 branch of the dungeon, and saw 1 of its levels.

You collected 15 gold pieces.

Inventory:

Missiles
 d - 3 throwing nets
 e - a javelin (quivered)
Armour
 c - a +0 helmet
Scrolls
 f - a scroll of acquirement


   Skills:
 + Level 2.0 Fighting
 + Level 3.0 Maces & Flails
 + Level 1.7 Throwing
 + Level 3.0 Dodging


You had one spell level left.
You didn't know any spells.
Your spell library was empty.

Dungeon Overview and Level Annotations

Branches:
Dungeon (1/15)

Altars:


Innate Abilities, Weirdness & Mutations

You have a pair of small antennae on your head.


Message History

The goblin is severely wounded.
The goblin closely misses you.
You hit the goblin but do no damage.
The goblin is severely wounded.
The goblin hits you with a +0 dagger.
You barely miss the goblin.
The goblin is severely wounded.
The endoplasm barely misses you. The goblin hits you with a +0 dagger.
You hit the goblin.
You kill the goblin!
The endoplasm freezes you.
You are frozen.
* * * LOW HITPOINT WARNING * * *
Your Maces & Flails skill increases to level 3!
You have reached level 2!
Your demonic ancestry asserts itself...
A pair of antennae grows on your head!
Your +0 helmet falls away!
The endoplasm attacks as you move away! The endoplasm hits you.
* * * LOW HITPOINT WARNING * * *
The endoplasm attacks as you move away! The endoplasm misses you.
You enter the shallow water.
Moving in this stuff is going to be slow.
Found a red potion. 3 jackals and an endoplasm come into view.
Found 10 gold pieces and a scroll labelled FOQEFA DOBLIOG.
The jackal barks!
A goblin comes into view. It is wielding a +0 dagger.
The endoplasm moves out of view.
The endoplasm attacks as you move away! The endoplasm barely misses you.
The goblin shouts!
The jackal barks!
The jackal misses you. The jackal closely misses you. x2
The jackal barely misses you. The endoplasm attacks as you move away!
The endoplasm barely misses you. The jackal bites you.
* * * LOW HITPOINT WARNING * * *
The jackal bites you.
* * * LOW HITPOINT WARNING * * *
The jackal bites you.
You die...

#.......... +.......... #
#..?....... # #..........
# #.J.$....!. #
#..g....... # #.hh.......
# #.h@....... #
##.J........#.# #
#~♣♣♣P♣.....#.# #
##♣~~♣~~~~....#.# #
♣♣♣~~≈~~~P~~....#.# #
P~~~~≈≈≈~~~~♣#####.# #
~~~~~≈≈≈~~~P~♣####.# #
~~~~~~~~~~~~~~~....#######
PP~~~~P~~P..~~~...........


You could see 2 endoplasms, 3 jackals and a goblin.

Vanquished Creatures
  An endoplasm (D:1)
  A goblin (D:1)
  4 jackals (D:1)
6 creatures vanquished.

Notes
Turn   | Place    | Note
-------+----------+-------------------------------------------
     0 | D:1      | Kazon the Demonspawn Gladiator began the quest for the Orb.
     0 | D:1      | Reached XP level 1. HP: 16/16 MP: 1/1
    39 | D:1      | Identified a scroll of acquirement
    83 | D:1      | Gained mutation: You have a pair of small antennae on your
                  | head. [demonic ancestry]
    83 | D:1      | Reached XP level 2. HP: 4/22 MP: 2/2
    83 | D:1      | HP: 1/22 [endoplasm (3)]
    93 | D:1      | HP: 1/22 [jackal (1)]
    93 | D:1      | Slain by a jackal

Illustrated notes

Levels and vault maps discovered:
D:1:      ebering_trefoil_3fold, layout_basic, st_stairs_14, serial_bayou_ford_a

Skill      XL: |  1 |
---------------+----+-----
Dodging        | 3 |  3.0
Maces & Flails | 3 |  3.0
Fighting       | |  2.0
Throwing       | |  1.7

Action                     || total
---------------------------++-------
  Melee: Flail             ||    13
         Unarmed           ||    13
 Armour: Leather armour    ||     5
  Dodge: Dodged            ||    17
